 Dungeon Crawl Stone Soup version 0.21.1-1-g345015f (webtiles) character file.

364 Flooderbenga the Grave Robber (level 6, -1/44 HPs)
             Began as a Gnoll Necromancer on Apr 26, 2018.
             Slain by a gnoll (8 damage)
             ... on level 5 of the Dungeon.
             The game lasted 00:27:58 (1454 turns).

Flooderbenga the Grave Robber (Gnoll Necromancer)   Turns: 1454, Time: 00:27:58

Health: -1/44      AC:  5    Str: 12    XL:     6   Next: 67%
Magic:  4/14       EV: 14    Int: 19    God:
Gold:   103        SH:  0    Dex: 16    Spells: 1/15 levels left

rFire    + . .     SeeInvis .   e - +8 lance "Wyrmbane" {slay drac, rPois rF+ rC+ AC+3}
rCold    + . .     Gourm    .   (no shield)
rNeg     . . .     Faith    .   a - +0 robe
rPois    +         Spirit   .   (no helmet)
rElec    .         Reflect  .   (no cloak)
rCorr    .         Harm     .   (no gloves)
MR       .....                  (no boots)
Stlth    +++.......             (no amulet)
HPRegen  0.14/turn              n - +2 ring of strength
MPRegen  0.14/turn              (no ring)

@: very slightly contaminated, drained
A: distributed training, fangs 1, strong nose
a: no special abilities


You were on level 5 of the Dungeon.
You were hungry.

You visited 1 branch of the dungeon, and saw 7 of its levels.

You collected 103 gold pieces.

Inventory:

Hand Weapons
 e - the +8 lance "Wyrmbane" (weapon) {slay drac, rPois rF+ rC+ AC+3}
   (You found it on level 6 of the Dungeon)

   It affects your AC (+3).
   It protects you from fire.
   It protects you from cold.
   It protects you from poison.
 g - a +0 spear
 k - a +1 dagger of venom
Missiles
 f - 41 stones (quivered)
 t - a throwing net {!f}
Armour
 a - a +0 robe (worn)
Jewellery
 h - an uncursed ring of teleportation
 n - a +2 ring of strength (left hand)
Scrolls
 d - a scroll of teleportation {@r3}
 j - a scroll of immolation
 p - 2 scrolls of remove curse {@r2}
 r - a scroll of identify {@r1}
Potions
 i - a potion of might {unknown}
 l - a potion of haste {unknown}
 m - a potion of brilliance {unknown}
 o - a potion of lignification {unknown}
 q - a potion of curing {@q1}
 s - a potion of resistance {unknown}
Books
 b - a book of Necromancy

   Spells                             Type                      Level
   a - Pain                           Necromancy                   1
   b - Animate Skeleton               Necromancy                   1
   c - Vampiric Draining              Necromancy                   3
   d - Regeneration                   Charms/Necromancy            3
   e - Animate Dead                   Necromancy                   4
   f - Borgnjor's Vile Clutch         Necromancy/Earth             5
Comestibles
 c - 9 rations


   Skills:
 + Level 2.0(0.9) Fighting
 + Level 2.0(0.9) Short Blades
 + Level 2.0(0.9) Long Blades
 + Level 2.0(0.9) Axes
 + Level 2.0(0.9) Maces & Flails
 + Level 2.0(0.9) Polearms
 + Level 2.0(0.9) Staves
 + Level 2.0(0.9) Slings
 + Level 2.0(0.9) Bows
 + Level 2.0(0.9) Crossbows
 + Level 2.0(0.9) Throwing
 + Level 2.0(0.9) Armour
 + Level 5.0(3.8) Dodging
 + Level 4.6(3.5) Stealth
 + Level 2.0(0.9) Shields
 + Level 2.0(0.9) Unarmed Combat
 + Level 5.4(4.2) Spellcasting
 + Level 1.6(0.5) Conjurations
 + Level 1.6(0.5) Hexes
 + Level 1.6(0.5) Charms
 + Level 1.6(0.5) Summonings
 + Level 7.3(6.0) Necromancy
 + Level 1.6(0.5) Translocations
 + Level 1.6(0.5) Transmutations
 + Level 1.6(0.5) Fire Magic
 + Level 1.6(0.5) Ice Magic
 + Level 1.6(0.5) Air Magic
 + Level 1.6(0.5) Earth Magic
 + Level 1.6(0.5) Poison Magic
 + Level 2.2(1.1) Invocations
 + Level 2.0(0.9) Evocations


You had one spell level left.
You knew the following spells:

 Your Spells              Type           Power        Failure   Level  Hunger
a - Pain                  Necr           ####         1%          1    None
b - Animate Dead          Necr           N/A          11%         4    ####...
c - Borgnjor's Vile Clut  Necr/Erth      ###.......   67%         5    ######.
r - Regeneration          Chrm/Necr      ###.......   11%         3    ###....
z - Animate Skeleton      Necr           N/A          1%          1    None


Dungeon Overview and Level Annotations

Branches:
Dungeon (7/15)
 Temple: D:4-7

Altars:
Ashenzari
Hepliaklqana
Makhleb

Annotations:
D:4 Frank's ghost, novice OpFi


Innate Abilities, Weirdness & Mutations

Your experience applies equally to all skills.
You have very sharp teeth.
Your uncanny sense of smell can sniff out nearby items.


Message History

The gnoll hits you from afar with a spear.
* * * LOW HITPOINT WARNING * * *
The gnoll barely misses you.
You take 4 damage, and have 10/44 hp.
You now have 9/14 mp.
The spell is very dangerous to cast!
Continue anyway?
Aim: a gnoll, wielding a spear You miscast Borgnjor's Vile Clutch.
You are engulfed in negative energy!
You feel drained.
You are feeling hungry.
The gnoll hits you.
* * * LOW HITPOINT WARNING * * *
The gnoll misses you. The gnoll barely misses you.
The gnoll hits you but does no damage.
You take 4 damage, and have 6/44 hp.
You now have 4/14 mp.
The gnoll shaman calls upon its god to heal the gnoll.
The gnoll's wounds heal themselves!
The gnoll closely misses you.
The gnoll shouts!
The gnoll shaman calls upon its god to speed up something.
The gnoll hits you!
You die...

######## #######......# ..
......#......# ..
......#......######## .. ..
......#.............# ... ..
....%.#.............##....
..
....<................#.....
..
.....†###...................
.. ......#
#.......@#..........# ..
......#
#.....##.g..........Y. ..
#######
#.....####g..........# ##
#.....# #.g.........####
#.....####g..............
#......<.................
#.....##...[.).###.#...##
#........####g###.(......
.......#### #(....g(...g.


You could see a gnoll shaman and 3 gnolls.

Vanquished Creatures
  A bullfrog (D:6)
  A crimson imp (D:6)
  An orc priest (D:3)
  A gnoll shaman (D:6)
  Terence (D:2)
  3 worker ants (D:5)
  3 gnolls (D:6)
  4 adders
  3 dart slugs
  3 leopard geckos
  4 orcs
  A giant cockroach (D:4)
  4 goblins
  2 hobgoblins (D:2)
  8 jackals
  4 kobolds
  10 bats
  A frilled lizard (D:3)
  A jackal zombie (D:5)
  A rat (D:2)
57 creatures vanquished.

Notes
Turn   | Place    | Note
-------+----------+-------------------------------------------
     0 | D:1      | Flooderbenga the Gnoll Necromancer began the quest for the Orb.
     0 | D:1      | Reached XP level 1. HP: 13/13 MP: 6/6
   144 | D:2      | Noticed Terence
   182 | D:2      | Learned a level 1 spell: Animate Skeleton
   264 | D:2      | Killed Terence
   264 | D:2      | Reached skill level 5 in Spellcasting
   264 | D:2      | Reached XP level 2. HP: 10/20 MP: 1/8
   264 | D:2      | Reached XP level 3. HP: 12/25 MP: 1/9
   273 | D:2      | Learned a level 3 spell: Regeneration
   373 | D:2      | Found a hazy altar of Hepliaklqana.
   375 | D:2      | Found a shattered altar of Ashenzari.
   483 | D:3      | Reached skill level 1 in Fighting
   483 | D:3      | Reached skill level 1 in Short Blades
   483 | D:3      | Reached skill level 1 in Long Blades
   483 | D:3      | Reached skill level 1 in Axes
   483 | D:3      | Reached skill level 1 in Maces & Flails
   483 | D:3      | Reached skill level 1 in Polearms
   483 | D:3      | Reached skill level 1 in Staves
   483 | D:3      | Reached skill level 1 in Slings
   483 | D:3      | Reached skill level 1 in Bows
   483 | D:3      | Reached skill level 1 in Crossbows
   483 | D:3      | Reached skill level 1 in Throwing
   483 | D:3      | Reached skill level 1 in Armour
   483 | D:3      | Reached skill level 1 in Shields
   483 | D:3      | Reached skill level 1 in Unarmed Combat
   483 | D:3      | Reached skill level 1 in Invocations
   483 | D:3      | Reached skill level 1 in Evocations
   483 | D:3      | Reached XP level 4. HP: 12/32 MP: 0/11
   841 | D:3      | Learned a level 4 spell: Animate Dead
   920 | D:4      | Reached skill level 1 in Conjurations
   920 | D:4      | Reached skill level 1 in Hexes
   920 | D:4      | Reached skill level 1 in Charms
   920 | D:4      | Reached skill level 1 in Summonings
   920 | D:4      | Reached skill level 1 in Translocations
   920 | D:4      | Reached skill level 1 in Transmutations
   920 | D:4      | Reached skill level 1 in Fire Magic
   920 | D:4      | Reached skill level 1 in Ice Magic
   920 | D:4      | Reached skill level 1 in Air Magic
   920 | D:4      | Reached skill level 1 in Earth Magic
   920 | D:4      | Reached skill level 1 in Poison Magic
   942 | D:5      | Entered Level 5 of the Dungeon
   942 | D:5      | Noticed a phantom
   955 | D:5      | Reached XP level 5. HP: 34/37 MP: 5/12
  1026 | D:4      | Noticed Frank's ghost (novice OpFi)
  1199 | D:6      | Reached XP level 6. HP: 15/44 MP: 5/13
  1206 | D:6      | Learned a level 5 spell: Borgnjor's Vile Clutch
  1210 | D:6      | Found the +8 lance "Wyrmbane" {slay drac, rPois rF+ rC+ AC+3}
  1228 | D:6      | Noticed an ice beast
  1357 | D:6      | Reached skill level 5 in Dodging
  1412 | D:6      | Found a burning altar of Makhleb.
  1435 | D:5      | Noticed an ice beast
  1454 | D:5      | Slain by a gnoll

Skill      XL: |  1  2  3  4  5  6 |
---------------+-------------------+-----
Spellcasting   | 5 |  5.4
Fighting       | 1 2 |  2.0
Short Blades   | 1 2 |  2.0
Long Blades    | 1 2 |  2.0
Axes           | 1 2 |  2.0
Maces & Flails | 1 2 |  2.0
Polearms       | 1 2 |  2.0
Staves         | 1 2 |  2.0
Slings         | 1 2 |  2.0
Bows           | 1 2 |  2.0
Crossbows      | 1 2 |  2.0
Throwing       | 1 2 |  2.0
Armour         | 1 2 |  2.0
Shields        | 1 2 |  2.0
Unarmed Combat | 1 2 |  2.0
Invocations    | 1 2 |  2.2
Evocations     | 1 2 |  2.0
Conjurations   | 1 |  1.6
Hexes          | 1 |  1.6
Charms         | 1 |  1.6
Summonings     | 1 |  1.6
Translocations | 1 |  1.6
Transmutations | 1 |  1.6
Fire Magic     | 1 |  1.6
Ice Magic      | 1 |  1.6
Air Magic      | 1 |  1.6
Earth Magic    | 1 |  1.6
Poison Magic   | 1 |  1.6
Dodging        | 5 |  5.0
Stealth        | |  4.6
Necromancy     | |  7.3

Action                   |  1- 3 |  4- 6 || total
-------------------------+-------+-------++-------
Melee: Spear             |       |    23 ||    23
       Dagger            |       |    15 ||    15
       Bite              |       |     3 ||     3
       Punch             |       |     1 ||     1
       Lance             |       |    20 ||    20
Throw: Stone             |     1 |       ||     1
 Cast: Pain              |    28 |    64 ||    92
       Animate Skeleton  |     3 |     5 ||     8
       Regeneration      |       |     4 ||     4
  Use: Scroll            |       |     6 ||     6
 Stab: Sleeping          |       |     6 ||     6
       Distracted        |       |     1 ||     1
  Eat: Chunk             |       |     2 ||     2
Armor: Robe              |       |    22 ||    22
Dodge: Dodged            |    11 |    99 ||   110
